 Dungeon Crawl Stone Soup version 0.32-a0-361-g289a535e89 (webtiles) character file.

Game seed: 13188994662539271709

21595 Sobieck the Severer (level 12, -5/91 HPs)
             Began as a Coglin Gladiator on Feb 18, 2024.
             Was a High Priest of Okawaru.
             Slain by an ettin
             ... wielding a +0 dire flail
              (6 damage)
             ... on level 2 of the Orcish Mines.
             The game lasted 00:29:01 (13024 turns).

Sobieck the Severer (Coglin Gladiator)             Turns: 13024, Time: 00:29:02

Health: -5/91      AC: 23    Str: 19    XL:     12   Next: 91%
Magic:  18/18      EV:  7    Int:  7    God:    Okawaru [*****.]
Gold:   2346       SH:  0    Dex: 17    Spells: 11/11 levels left

rFire   . . .        a - +1 war axe (elec) {Wira}
rCold   + . .        i - +0 war axe (venom) {Gerda}
rNeg    . . .        S - +1 plate armour {rC+}
rPois   .            c - +1 helmet
rElec   .            d - +1 cloak
rCorr   .            O - +1 pair of gloves
SInv    .            m - +1 pair of boots {Fly}
Will    .....        h - amulet of the acrobat Stlth
                     (no ring)
HPRegen 0.35/turn    (no ring)
MPRegen 0.16/turn

%: acrobat
@: flying, revving, stiff-legged, very slow
A: off-hand wielding, slow wielding, warmup strikes, warmup strides
a: Renounce Religion, Heroism, Finesse, Duel


You were on level 2 of the Orcish Mines.
You worshipped Okawaru.
Okawaru was extremely pleased with you.
You visited 3 branches of the dungeon, and saw 13 of its levels.
You also visited: Ossuary and Bailey.

You collected 3011 gold pieces.
You spent 665 gold pieces at shops.

Inventory:

Hand Weapons
 a - a +1 war axe of electrocution (weapon) {Wira}
 i - a +0 war axe of venom (worn) {Gerda}
 x - a +0 war axe of chaos {Bunsong}
Missiles
 j - 134 stones
 k - 45 poisoned darts
 t - 38 boomerangs (quivered)
 v - a javelin
 F - 2 curare-tipped darts
 J - 3 atropa-tipped darts {god gift}
 Z - 3 throwing nets
Armour
 b - a +8 chain mail of ponderousness
 c - a +1 helmet (worn)
 d - a +1 cloak (worn)
 g - a +1 pair of boots
 m - a +1 pair of boots of flying (worn)
 O - a +1 pair of gloves (worn)
 S - a +1 plate armour of cold resistance (worn)
Magical Staves
 X - a staff of air
Jewellery
 h - an amulet of the acrobat (around neck)
Wands
 z - a wand of roots (2)
 D - a wand of digging (7)
 E - a wand of polymorph (6)
 P - a wand of paralysis (7)
Scrolls
 e - a scroll of enchant weapon
 f - a scroll of blinking
 n - 2 scrolls of brand weapon
 r - a scroll of vulnerability
 u - 2 scrolls of fog
 y - 4 scrolls of fear
 R - 2 scrolls of identify
 T - 7 scrolls of teleportation
 U - a scroll of noise
 V - a scroll of immolation
Potions
 o - a potion of berserk rage
 p - 2 potions of magic
 s - a potion of brilliance
 w - 4 potions of invisibility
 A - a potion of ambrosia
 B - a potion of might
 C - 2 potions of lignification
 H - 2 potions of haste
 I - 2 potions of mutation
 Q - 6 potions of curing
 W - a potion of attraction
Miscellaneous
 L - a lightning rod (4/4)
 Y - a tin of tremorstones (2/2)


   Skills:
 + Level 7.5 Fighting
 * Level 15.8 Axes
 - Level 1.7 Throwing
 + Level 7.1 Armour
 - Level 2.6 Dodging
 - Level 8.0 Invocations


You had 11 spell levels left.
You didn't know any spells.
Your spell library contained the following spells:

 Spells                   Type           Power      Damage    Failure   Level
 Sting                    Conj/Alch      0%         1d3       100%        1
 Mercury Vapours          Alch/Air       0%         N/A       100%        2
 Sublimation of Blood     Necr           0%         N/A       100%        2
 Dazzling Flash           Conj/Hex       0%         N/A       100%        3
 Volatile Blastmotes      Fire/Tloc      0%         2d10      100%        3
 Anguish                  Hex/Necr       0%         N/A       100%        4
 Cause Fear               Hex            0%         N/A       100%        4
 Olgreb's Toxic Radiance  Alch           0%         N/A       100%        4
 Passage of Golubria      Tloc           0%         N/A       100%        4
 Vhi's Electric Charge    Tloc/Air       0%         N/A       100%        4
 Arcjolt                  Conj/Air       0%         1d10      100%        5
 Silence                  Hex/Air        0%         N/A       100%        5
 Starburst                Conj/Fire      0%         6d3       100%        6
 Enfeeble                 Hex            0%         N/A       100%        7
 Lehudib's Crystal Spear  Conj/Erth      0%         10d2      100%        8
 Maxwell's Capacitive Co  Air            0%         ∞         100%        8
 Call Imp                 Summ           Unusable   N/A       N/A         2
 Summon Hydra             Summ           Unusable   N/A       N/A         7

Dungeon Overview and Level Annotations

Branches:
Dungeon (10/15)            Temple (1/1) D:4            Lair (0/5) D:9
    Orc (2/2) D:10            Elf (0/3) Orc:2       Ossuary (visited)
 Bailey (visited)

Altars:
Ashenzari
Cheibriados
Dithmenos
Elyvilon
Fedhas
Gozag
Hepliaklqana
Kikubaaqudgha
Makhleb
Nemelex Xobeh
Okawaru
Qazlal
Ru
Sif Muna
Trog
Uskayaw
Vehumet
Wu Jian
Xom
Yredelemnul
Zin
The Shining One

Shops:
D:7 [   Orc:1 [   Orc:2 *:

Annotations:
Orc:1 2 transporters, Siycous's ghost, journeyman TrFi


Innate Abilities, Weirdness & Mutations

You can wield a second weapon in your off-hand.
It takes a long time for you to wield or remove held weapons.
Your first few attacks do less damage.
Your first movements take longer.


Message History

No target in view!
No target in view!
Things that are here:
a +0 dagger; a +0 robe; an orc corpse You now have 2346 gold pieces (gained 37).
Items here: )) [[ ††.
An ettin comes into view. It is wielding two +0 dire flails.
An ettin is nearby!
You throw a boomerang. The boomerang hits the ettin.
The ettin is lightly wounded.
You throw a boomerang.
The boomerang hits the ettin but does no damage.
The ettin is lightly wounded.
You throw a boomerang. The boomerang hits the ettin.
The ettin is lightly wounded.
You throw a boomerang.
The boomerang completely misses the ettin.
You throw a boomerang.
The boomerang hits the ettin but does no damage.
The ettin is lightly wounded.
You throw a boomerang. The boomerang hits the ettin.
The ettin is lightly wounded.
The ettin hits you with a +0 dire flail.
The ettin hits you with a +0 dire flail!
You hit the ettin with your +0 war axe of venom.
The ettin is poisoned.
The ettin is lightly wounded.
You hit the ettin with your +1 war axe of electrocution.
The ettin hits you with a +0 dire flail!!
* * * LOW HITPOINT WARNING * * *
The ettin hits you with a +0 dire flail!!
* * * LOW HITPOINT WARNING * * *
You are too injured to fight recklessly!
You are too injured to fight recklessly!
You are too injured to fight recklessly!
Unknown command.
You slash the ettin with your +1 war axe of electrocution!
The ettin is moderately wounded.
You slash the ettin with your +0 war axe of venom!
The ettin looks as sick as possible!
Unknown command.
You slash the ettin with your +0 war axe of venom!
The ettin looks as sick as possible!
The ettin is heavily wounded.
You slash the ettin with your +1 war axe of electrocution!
Lightning courses through the ettin!
The ettin hits you with a +0 dire flail!!
* * * LOW HITPOINT WARNING * * *
The ettin hits you with a +0 dire flail.
You die...

##...# ##....## .. .
##......#### ... ..
##.).))...#.## ....
...#......#.(...##......
.........###............
........###.#...........
##.......#####..........
#.....C@.###..........P.
.........##....##.......
..#.##....#..........(..
. #. #..................
# #.......#.#...P.∩.P
##....#####...P....
#........#........
.........)#.......
......^.##.......


You could see an ettin (extremely poisoned).

Vanquished Creatures
  An orc warlord (Bailey)
  3 ettins
  5 two-headed ogres
  4 orc knights
  5 cyclopes (Orc:2)
  Maggie (D:9)
  An unseen horror (D:10)
  Psyche (D:9)
  4 trolls
  A polar bear (D:10)
  Prince Ribbit (D:6)
  2 hornets
  2 vampires (D:10)
  3 yaks (D:10)
  3 wyverns
  3 wargs
  A redback (Orc:1)
  2 steam dragons
  Duvessa (D:5)
  2 water moccasins
  27 orc warriors
  An ice beast (D:5)
  A black bear (D:5)
  A sky beast (D:6)
  6 centaurs
  10 ogres
  3 kobold brigands
  Blork the orc (D:4)
  4 bullfrogs
  A gnoll sergeant (D:9)
  2 scorpions
  A burial acolyte (D:8)
  Dowan (D:5)
  11 killer bees (D:8)
  4 howler monkeys
  2 gnoll boudas (D:9)
  2 bombardier beetles
  2 hounds (D:6)
  15 orc priests
  A jelly (D:5)
  3 sleepcaps
  5 iguanas
  18 orc wizards
  2 hound zombies (D:8)
  9 mummies
  15 gnolls
  4 adders
  2 shadow imps (D:8)
  A white imp (D:10)
  A howler monkey simulacrum (D:10)
  2 ufetubi (D:5)
  An adder zombie (D:8)
  2 dart slugs
  3 ribbon worms
  55 orcs
  7 bats
  8 endoplasms
  4 giant cockroaches
  3 gnoll zombies
  14 goblins
  9 hobgoblins
  7 jackals
  32 kobolds
  6 quokkas
  4 ball pythons
  3 frilled lizards
  A hobgoblin zombie (Ossuary)
  3 kobold zombies
  5 orc zombies (Ossuary)
  6 rats
377 creatures vanquished.

Notes
Turn   | Place    | Note
-------+----------+-------------------------------------------
     0 | D:1      | Sobieck the Coglin Gladiator began the quest for the Orb.
     0 | D:1      | Reached XP level 1. HP: 16/16 MP: 1/1
    85 | D:1      | Reached XP level 2. HP: 22/22 MP: 2/2
   194 | D:1      | Reached skill level 4 in Axes
   201 | D:1      | Reached XP level 3. HP: 13/27 MP: 3/3
   985 | D:2      | Reached XP level 4. HP: 25/33 MP: 4/4
  1164 | D:2      | Reached skill level 5 in Axes
  1696 | D:3      | Reached XP level 5. HP: 38/38 MP: 5/5
  2085 | D:4      | Noticed Blork the orc
  2211 | D:4      | Killed Blork the orc
  2212 | D:4      | Reached skill level 6 in Axes
  2304 | D:4      | Reached XP level 6. HP: 44/44 MP: 6/6
  2305 | D:4      | Found a staircase to the Ecumenical Temple.
  2500 | Temple   | Entered the Ecumenical Temple
  2509 | Temple   | Became a worshipper of Warmaster Okawaru
  2554 | D:4      | Found a sand-covered staircase.
  2560 | D:4      | Reached skill level 7 in Axes
  2563 | Ossuary  | Entered an ossuary
  3035 | D:4      | Reached XP level 7. HP: 43/50 MP: 7/7
  3850 | D:5      | Entered Level 5 of the Dungeon
  3984 | D:5      | Reached skill level 8 in Axes
  4047 | D:5      | Found a glowing silver altar of Zin.
  4127 | D:5      | Reached * piety under Okawaru
  4259 | D:5      | Reached skill level 9 in Axes
  4358 | D:5      | Reached XP level 8. HP: 56/56 MP: 8/8
  4546 | D:5      | Reached ** piety under Okawaru
  4547 | D:5      | Reached skill level 10 in Axes
  4589 | D:5      | Identified the +0 spear of True Grit {heavy, Int+2}
  4737 | D:5      | Reached skill level 1 in Armour
  4816 | D:6      | Noticed Prince Ribbit
  4831 | D:6      | Killed Prince Ribbit
  4832 | D:6      | Reached skill level 3 in Fighting
  4924 | D:6      | Found a sparkling altar of Nemelex Xobeh.
  4989 | D:6      | Identified the +2 dagger "Esym" {venom, rC+ rN+ rCorr Str-5
                  | Dex+3}
  5096 | D:6      | Reached XP level 9. HP: 64/64 MP: 9/9
  5124 | D:6      | Reached skill level 11 in Axes
  5353 | D:6      | Noticed Dowan
  5353 | D:6      | Noticed Duvessa
  5623 | D:5      | Killed Duvessa
  5624 | D:5      | Reached skill level 3 in Armour
  5663 | D:5      | Killed Dowan
  5663 | D:5      | Reached *** piety under Okawaru
  5867 | D:6      | Identified the +3 dagger of Crystal {freeze, Str+4}
  6101 | D:7      | Found a flagged portal.
  6101 | D:7      | Found an ornate altar of the Wu Jian Council.
  6114 | Bailey   | Entered a bailey
  6150 | Bailey   | Noticed an orc warlord
  6243 | Bailey   | Reached skill level 1 in Invocations
  6343 | Bailey   | Found a runed translucent gate.
  6359 | Bailey   | Found a runed translucent gate.
  6360 | Bailey   | Found a runed translucent gate.
  6406 | Bailey   | Killed an orc warlord
  6406 | Bailey   | Reached **** piety under Okawaru
  6407 | Bailey   | Reached skill level 12 in Axes
  6407 | Bailey   | Reached XP level 10. HP: 68/74 MP: 8/11
  6429 | Bailey   | Identified the +7 scimitar of the Kissing Shark {heavy,
                  | rPois Dex+3}
  6431 | Bailey   | Acquired 1291 gold pieces
  6556 | D:7      | Noticed an animated crystal plate armour
  6558 | D:7      | Found Zapp's Armour Boutique.
  6560 | D:7      | Noticed an animated storm dragon scales
  6584 | D:7      | Bought a +0 pair of gloves for 49 gold pieces
  6599 | D:7      | Bought a +1 plate armour of cold resistance for 385 gold
                  | pieces
  7127 | D:8      | Reached skill level 3 in Invocations
  7223 | D:8      | Reached skill level 13 in Axes
  7363 | D:8      | Found an ancient bone altar of Kikubaaqudgha.
  7751 | D:8      | Reached ***** piety under Okawaru
  8075 | D:9      | Noticed Psyche
  8079 | D:9      | Killed Psyche
  8263 | D:9      | Received a gift from Okawaru
  8343 | D:9      | Found a staircase to the Lair.
  8390 | D:9      | Reached XP level 11. HP: 79/79 MP: 14/14
  8424 | D:9      | Noticed a two-headed ogre
  8436 | D:9      | Killed a two-headed ogre
  8437 | D:9      | Reached skill level 14 in Axes
  8788 | D:9      | Noticed a two-headed ogre
  8788 | D:9      | Noticed a two-headed ogre
  8797 | D:9      | Killed a two-headed ogre
  8802 | D:9      | Killed a two-headed ogre
  8803 | D:9      | Reached skill level 6 in Invocations
  8907 | D:9      | Noticed Maggie
  8920 | D:9      | Killed Maggie
  9083 | D:10     | Entered Level 10 of the Dungeon
  9140 | D:10     | Found a staircase to the Orcish Mines.
  9389 | D:10     | Noticed a two-headed ogre
  9393 | D:10     | Killed a two-headed ogre
  9531 | D:10     | Noticed a two-headed ogre
  9552 | D:10     | Killed a two-headed ogre
  9552 | D:10     | Received a gift from Okawaru
 10968 | Orc:1    | Entered Level 1 of the Orcish Mines
 11139 | Orc:1    | Reached XP level 12. HP: 73/86 MP: 18/18
 11237 | Orc:1    | Found a transporter.
 11251 | Orc:1    | Received a gift from Okawaru
 11267 | Orc:1    | Reached skill level 6 in Fighting
 11291 | Orc:1    | Reached skill level 6 in Armour
 11335 | Orc:1    | Reached skill level 15 in Axes
 11915 | Orc:1    | Found Favawkot's Armour Boutique.
 11919 | Orc:1    | Bought a +1 pair of boots of flying for 231 gold pieces
 11958 | Orc:1    | Noticed an ettin
 11969 | Orc:1    | Killed an ettin
 12217 | Orc:1    | Noticed Siycous's ghost (journeyman TrFi)
 12227 | Orc:1    | Found a transporter.
 12297 | Orc:2    | Entered Level 2 of the Orcish Mines
 12494 | Orc:2    | Found Nuhiog's Book Shop.
 12494 | Orc:2    | Noticed an ettin
 12512 | Orc:2    | HP: 3/89 [ettin/+0 dire flail (23)]
 12513 | Orc:2    | Killed an ettin
 12513 | Orc:2    | Received a gift from Okawaru
 12735 | Orc:2    | Found a staircase to the Elven Halls.
 12812 | Orc:2    | Found Publapn's General Store.
 12812 | Orc:2    | Noticed an ettin
 12824 | Orc:2    | Killed an ettin
 13015 | Orc:2    | Noticed an ettin
 13024 | Orc:2    | HP: 1/91 [ettin/+0 dire flail (25)]
 13024 | Orc:2    | Slain by an ettin

Illustrated notes

Levels and vault maps discovered:
D:1:      minmay_arrival_jagged, layout_loops_ring, roderic_lattice_a,
          minmay_ruptured
D:2:      layout_loops_ring, minmay_split_cup_small
D:3:      layout_rooms, minivault_26
D:4:      layout_layer_cave, minmay_temple_entry_nine_rooms,
          gup_ossuary_entry_pyramid, uniq_blork_the_orc
D:5:      layout_loops_ring, mainiacjoe_overflow_small_starburst, dk_vineyard_1
D:6:      layout_loops_ring, mainiacjoe_overflow_catwalk, uniq_prince_ribbit1,
          uniq_duvessa
D:7:      layout_rooms, amcnicky_altar_gilded, serial_shops,
          nicolae_shop_mannequins, enter_bailey_3,
          hangedman_abyss_or_decor_stabs
D:8:      layout_loops_corners, regret_index_kikubaaqudgha_part_by_part
D:9:      layout_roguey, lair_entry_dummy, uniq_maggie, uniq_psyche
D:10:     layout_loops_ring, david_orc_1_choice, serial_ice, serial_ice_m,
          serial_ice_g, serial_ice_c, serial_ice_b
Temple:   mainiacjoe_temple_coin_purse
Orc:1:    cheibrodos_orc_arena, layout_caves, gammafunk_ghost_stat_death,
          lightli_volcano_entry_magma_tube, serial_shops,
          nicolae_shop_back_alley_shop
Orc:2:    grunt_orc_gardens, layout_diamond_mine, grunt_orc_garden,
          grunt_orc_garden, grunt_orc_garden, grunt_orc_garden

Skill      XL: |  1  2  3  4  5  6  7  8  9 10 11 12 |
---------------+-------------------------------------+-----
Axes           | 4 5 6 7 9 10 12 13 14 15 | 15.8
Armour         | 2 4 5 7 |  7.1
Fighting       | 3 5 7 |  7.5
Invocations    | 2 4 8 |  8.0
Throwing       | |  1.7
Dodging        | |  2.6

Action                     |  1- 3 |  4- 6 |  7- 9 | 10-12 || total
---------------------------+-------+-------+-------+-------++-------
  Melee: War axe           |    50 |   199 |   313 |   800 ||  1362
         Dagger            |    10 |       |       |       ||    10
         Flail             |    17 |    28 |       |       ||    45
         Unarmed           |       |       |     4 |       ||     4
  Throw: Dart              |       |     5 |       |    10 ||    15
         Boomerang         |       |       |       |    19 ||    19
 Invoke: Heroism           |       |       |     1 |     6 ||     7
    Use: Scroll            |       |    15 |     9 |     5 ||    29
         Potion            |       |       |     3 |     4 ||     7
   Stab: Sleeping          |       |     2 |       |       ||     2
         Petrifying        |       |       |     3 |     1 ||     4
         Confused          |       |       |     1 |     1 ||     2
         Paralysed         |       |       |       |     1 ||     1
 Armour: Leather armour    |    23 |    49 |     1 |       ||    73
         Chain mail        |       |       |   104 |     4 ||   108
         Skin              |       |       |     7 |       ||     7
         Plate armour      |       |       |       |   366 ||   366
  Dodge: Dodged            |    27 |   111 |   118 |   232 ||   488

Table legend: (Time is in decaauts)
 A = Elapsed time spent in this place.
 B = Non-inter-level travel time spent in this place.
 C = Inter-level travel time spent in this place.
 D = Time resting spent in this place.
 E = Time spent auto-exploring this place.
 F = Levels seen in this place.
 G = Mean time per level.
                   A        B        C        D        E       F      G
               +--------+--------+--------+--------+--------+-----+--------+
         Total |  13592 |  12937 |    655 |   2148 |   7674 |  15 |  906.1 |
       Dungeon |  10816 |  10242 |    574 |   1433 |   6870 |  10 | 1081.6 |
        Temple |     19 |     19 |      0 |      0 |      0 |   1 |   19.0 |
  Orcish Mines |   1963 |   1882 |     81 |    547 |    671 |   2 |  981.5 |
       Ossuary |    372 |    372 |      0 |    127 |    133 |   1 |  372.0 |
        Bailey |    420 |    420 |      0 |     41 |      0 |   1 |  420.0 |
               +--------+--------+--------+--------+--------+-----+--------+

Top non-repeatable levels by time:
    D:10: 2077 daAuts
   Orc:1: 1511 daAuts
     D:4: 1446 daAuts
     D:8: 1115 daAuts
     D:9: 1076 daAuts
     D:6: 1066 daAuts
     D:5: 1052 daAuts
     D:1: 959 daAuts
     D:2: 733 daAuts
     D:7: 658 daAuts
     D:3: 629 daAuts
   Orc:2: 451 daAuts
  Bailey: 420 daAuts
 Ossuary: 372 daAuts
  Temple: 19 daAuts
